 Dungeon Crawl Stone Soup version 0.28-a0-1212-gc6b4282bc0 (webtiles) character file.

Game seed: 4666339062975294049

16990 1994 the Fighter (level 12, -4/114 HPs)
             Began as an Ogre Venom Mage on Dec 21, 2021.
             Was a Believer of Ru.
             Killed by vampiric draining
             ... invoked by a vampire
              (12 damage)
             ... on level 11 of the Dungeon.
             The game lasted 00:57:31 (20075 turns).

1994 the Fighter (Ogre Venom Mage)                 Turns: 20075, Time: 00:57:32

Health: -4/114     AC:  6    Str: 15    XL:     12   Next: 43%
Magic:  30/32      EV: 10    Int: 20    God:    Ru [**....]
Gold:   743        SH:  0    Dex:  9    Spells: 7/25 levels left

rFire   . . .      SeeInvis .     - Unarmed
rCold   . . .      Faith    .   (no shield)
rNeg    . . .      Spirit   .   E - +0 troll leather armour
rPois   .          Reflect  .   (helmet restricted)
rElec   .          Harm     .   K - +0 cloak
rCorr   .          Rampage  .   (gloves unavailable)
Will    +....                   (boots unavailable)
Stlth   +.........              (no amulet)
HPRegen 1.09/turn               l - +4 ring of slaying
MPRegen 0.23/turn               D - ring of magical power

@: no status effects
A: large, unfitting armour, frail 1, tough skin 1
a: Renounce Religion


You were on level 11 of the Dungeon.
You worshipped Ru.
Ru was pleased with you.
You visited 2 branches of the dungeon, and saw 13 of its levels.
You also visited: Ossuary.

You collected 743 gold pieces.

Inventory:

Hand Weapons
 y - a +3 whip of venom
Missiles
 e - 443 stones (quivered)
 j - 72 sling bullets
Armour
 w - a +0 kite shield
 E - a +0 troll leather armour (worn)
 K - a +0 cloak (worn)
Magical Staves
 H - a staff of cold
Jewellery
 l - a +4 ring of slaying (left hand)
 m - a ring of flight
 D - a ring of magical power (right hand)
Wands
 a - a wand of acid (2)
 p - a wand of mindburst (9)
 t - a wand of iceblast (6)
 F - a wand of paralysis (7)
 J - a wand of flame (15)
Scrolls
 c - 5 scrolls of fear
 d - 4 scrolls of amnesia
 f - 2 scrolls of blinking
 h - a scroll of immolation {unknown}
 s - 4 scrolls of teleportation
 u - a scroll of silence {unknown}
 C - a scroll of summoning
 G - a scroll of enchant armour {unknown}
 I - a scroll of vulnerability {unknown}
Potions
 b - 3 potions of curing
 g - a potion of magic
 i - 4 potions of lignification
 k - 3 potions of might {unknown}
 n - a potion of cancellation {unknown}
 o - 2 potions of resistance
 q - 2 potions of brilliance
 r - a potion of invisibility {unknown}
 v - a potion of flight {unknown}
 x - 3 potions of heal wounds
 z - 3 potions of ambrosia
 A - 3 potions of attraction
Miscellaneous
 B - a condenser vane


   Skills:
 + Level 10.5 Fighting
 - Level 3.3 Dodging
 - Level 1.4 Stealth
 * Level 8.3 Unarmed Combat
 + Level 7.4 Spellcasting
 - Level 4.0 Conjurations
 * Level 8.4 Transmutations
 - Level 4.0 Air Magic
 * Level 8.9 Poison Magic


You had 7 spell levels left.
You knew the following spells:

 Your Spells              Type           Power      Damage    Failure   Level
a - Sting                 Tmut/Pois      100%       1d8       1%          1
b - Poisonous Vapours     Pois/Air       66%        N/A       1%          2
c - Mephitic Cloud        Conj/Pois/Air  29%        N/A       3%          3
d - Olgreb's Toxic Radia  Pois           43%        N/A       2%          4
e - Eringya's Noxious Bo  Tmut/Pois      21%        N/A       43%         6
f - Passwall              Tmut/Erth      20%        N/A       3%          2

Your spell library contained the following spells:

 Spells                   Type           Power      Damage    Failure   Level
 Swiftness                Air            23%        N/A       6%          3
 Summon Small Mammal      Summ           28%        N/A       11%         1
 Call Canine Familiar     Summ           7%         N/A       32%         3
 Summon Guardian Golem    Hex/Summ       7%         N/A       32%         3
 Freezing Cloud           Conj/Ice/Air   9%         6-21      71%         5
 Fireball                 Conj/Fire      7%         3d5       80%         5
 Summon Forest            Summ/Tloc      3%         N/A       97%         5
 Simulacrum               Ice/Necr       3%         N/A       100%        6
 Starburst                Conj/Fire      7%         6d4       100%        6
 Summon Hydra             Summ           3%         N/A       100%        7
 Ignition                 Fire           3%         3d4       100%        8
 Polar Vortex             Ice            3%         N/A       100%        9


Dungeon Overview and Level Annotations

Branches:
Dungeon (12/15)            Temple (1/1) D:6            Lair (0/6) D:10
Ossuary (visited)
    Orc: D:9-12

Altars:
Cheibriados
Fedhas
Kikubaaqudgha
Makhleb
Okawaru
Ru
Vehumet
Xom
Yredelemnul
Zin
The Shining One

Shops:
D:3 :   D:9 ?


Innate Abilities, Weirdness & Mutations

You are too large for most types of armour.
You are frail. (-10% HP)
You have tough skin. (AC +1)


Message History

You focus your inner power and illuminate something in retribution!
The vampire bites you but does no damage.
Unknown command.
Unknown command.
Unknown command.
Aiming: Corrosive Bolt
Press: ? - help, Shift-Dir - straight line The bolt of acid hits the vampire.
The vampire is heavily damaged.
The vampire barely misses you. The vampire bites you.
* * * LOW HITPOINT WARNING * * *
The vampire draws strength from your injuries!
Unknown command.
Unknown command.
Aiming: Corrosive Bolt
Press: ? - help, Shift-Dir - straight line The bolt of acid hits the vampire.
The acid corrodes the vampire!
The vampire is severely damaged.
The vampire draws life force from you!
* * * LOW HITPOINT WARNING * * *
The vampire is healed by the life force!
Unknown command.
Unknown command.
You punch the vampire!
The vampire is severely damaged.
The vampire hits you but does no damage.
The vampire bites you but does no damage.
You hit the vampire.
The vampire is almost destroyed.
The vampire gestures at you while chanting.
You easily resist.
You barely miss the vampire.
The vampire is almost destroyed.
The vampire draws life force from you!
* * * LOW HITPOINT WARNING * * *
The vampire is healed by the life force!
You barely miss the vampire.
The vampire is heavily damaged.
The vampire draws life force from you!
You die...

#...## ##..# #)### ##.#
#####.####### ######'#
#...........####.......
#....[......##.+.......
#....)......#..#.......
#.............##.......
#...........######+####
######@###### #.# ##V#
#.# #.<# #.# ##.## #.#
#..# #.# ####'####
###'#### #.......####
#.......
#.......†..#####.......
#.......##.....'.......


You could see a vampire (invisible, corroded, corona).

Vanquished Creatures
  A boulder beetle (D:12)
  2 two-headed ogres
  Pikel (D:6)
  An ugly thing (D:9)
  A cyclops (D:11)
  An unseen horror (D:10)
  A kobold demonologist (D:11)
  5 trolls
  A hornet (D:8)
  A wraith (D:9)
  4 wyverns
  A shadow (D:11)
  18 yaks
  Grum (D:8)
  A human (D:4)
  5 vampire mosquitoes
  A steam dragon (D:9)
  2 acid dragons
  Duvessa (D:6)
  3 water moccasins
  2 sky beasts
  3 ice beasts
  3 black bears
  A hornet zombie (D:8)
  8 orc warriors
  3 necrophages
  3 ogres
  2 wolves (D:8)
  A lemure (D:6)
  2 phantoms
  14 centaurs
  A kobold brigand (D:7)
  A wyvern zombie (D:7)
  4 bullfrogs
  3 gnoll sergeants (D:9)
  A scorpion (D:4)
  A wyvern skeleton (D:7)
  Dowan (D:6)
  A water moccasin skeleton (D:7)
  10 wights
  2 howler monkeys
  A lava snake (D:8)
  2 bullfrog zombies
  A jelly (D:3)
  11 centaur zombies
  Crazy Yiuf (D:3)
  A gnoll shaman (D:9)
  A human zombie (Ossuary)
  7 orc priests
  2 centaur skeletons
  4 hounds
  2 iguanas (D:5)
  3 bullfrog skeletons
  15 orc wizards
  2 hound skeletons
  4 mummies (Ossuary)
  A howler monkey skeleton (D:7)
  4 gnolls (D:7)
  5 adders
  4 shadow imps
  4 white imps
  An ufetubus (D:7)
  An adder skeleton (D:4)
  3 dart slugs
  41 orcs
  5 bats
  10 endoplasms
  A giant cockroach (D:2)
  2 gnoll zombies (Ossuary)
  9 goblins
  10 hobgoblins
  5 jackals (D:1)
  4 quokkas
  9 ball pythons
  5 frilled lizards
  A goblin skeleton (D:4)
  A goblin zombie (Ossuary)
  2 hobgoblin zombies (Ossuary)
  A jackal skeleton (D:4)
  3 kobolds
  9 rats
317 creatures vanquished.

Vanquished Creatures (others)
  A centaur (D:12)
  4 fungi (D:6)
  3 plants (D:2)
8 creatures vanquished.

Grand Total: 325 creatures vanquished

Notes
Turn   | Place    | Note
-------+----------+-------------------------------------------
     0 | D:1      | 1994 the Ogre Venom Mage began the quest for the Orb.
     0 | D:1      | Reached XP level 1. HP: 16/16 MP: 3/3
   115 | D:1      | Reached skill level 1 in Transmutations
   286 | D:1      | Reached XP level 2. HP: 23/26 MP: 2/5
   424 | D:1      | Learned a level 2 spell: Poisonous Vapours
   496 | D:1      | Reached skill level 1 in Fighting
  1186 | D:1      | Reached XP level 3. HP: 31/33 MP: 3/6
  1643 | D:1      | Learned a level 3 spell: Mephitic Cloud
  2096 | D:2      | Reached XP level 4. HP: 41/41 MP: 4/8
  2191 | D:2      | Found a blossoming altar of Fedhas.
  2478 | D:2      | Reached skill level 1 in Unarmed Combat
  2498 | D:2      | Found a faded altar of an unknown god.
  2889 | D:3      | Found an iron altar of Okawaru.
  3077 | D:3      | Reached skill level 1 in Air Magic
  3299 | D:3      | Found Cielimiwk's Book Boutique.
  3897 | D:3      | Found a runed translucent door.
  4284 | D:3      | Reached skill level 2 in Fighting
  4284 | D:3      | Reached XP level 5. HP: 5/49 MP: 4/9
  4751 | D:4      | Reached XP level 6. HP: 59/59 MP: 7/10
  4832 | D:4      | Noticed a sky beast
  4847 | D:4      | Killed a sky beast
  4848 | D:4      | Reached skill level 3 in Fighting
  4848 | D:4      | Reached skill level 1 in Conjurations
  5121 | D:4      | Found a runed translucent door.
  5121 | D:4      | Noticed a human
  5130 | D:4      | Found a basalt altar of Yredelemnul.
  5161 | D:4      | Killed a human
  5162 | D:4      | Reached XP level 7. HP: 67/67 MP: 4/11
  5398 | D:4      | Learned a level 4 spell: Olgreb's Toxic Radiance
  6098 | D:5      | Entered Level 5 of the Dungeon
  6123 | D:5      | Reached skill level 4 in Fighting
  6340 | D:5      | Reached XP level 8. HP: 63/78 MP: 13/13
  6944 | D:5      | Found a shimmering altar of Xom.
  6947 | D:5      | Found a glowing silver altar of Zin.
  6951 | D:5      | Found a sacrificial altar of Ru.
  7206 | D:5      | Became a worshipper of Ru the Awakened
  8254 | D:6      | Reached skill level 5 in Fighting
  8503 | D:6      | Found a staircase to the Ecumenical Temple.
  8553 | Temple   | Entered the Ecumenical Temple
  8768 | D:6      | Found an ancient bone altar of Kikubaaqudgha.
  8793 | D:6      | Noticed Dowan
  9078 | D:6      | Noticed Duvessa
  9094 | D:6      | Killed Duvessa
  9129 | D:6      | Killed Dowan
  9130 | D:6      | Reached skill level 5 in Poison Magic
  9130 | D:6      | Reached XP level 9. HP: 82/88 MP: 7/15
 10291 | D:6      | Reached skill level 6 in Fighting
 10362 | D:7      | Noticed Pikel
 10402 | D:6      | Killed Pikel
 10616 | D:7      | Found a sand-covered staircase.
 10621 | Ossuary  | Entered an ossuary
 11406 | D:7      | Reached skill level 5 in Transmutations
 11738 | D:7      | Reached skill level 7 in Fighting
 11926 | D:7      | Reached skill level 5 in Unarmed Combat
 12124 | D:7      | Reached skill level 5 in Spellcasting
 12325 | D:7      | Noticed a troll
 12325 | D:7      | Noticed a troll
 12396 | D:7      | Reached XP level 10. HP: 57/102 MP: 17/17
 12814 | D:7      | Found a radiant altar of Vehumet.
 13446 | D:6      | Learned a level 6 spell: Eringya's Noxious Bog
 13476 | D:6      | Reached skill level 8 in Fighting
 14555 | D:3      | Noticed Crazy Yiuf
 14567 | D:3      | Killed Crazy Yiuf
 14731 | D:8      | Paralysed by a hornet for 2 turns
 15082 | D:8      | Reached skill level 9 in Fighting
 15082 | D:8      | Reached XP level 11. HP: 44/92 MP: 19/19
 15428 | D:8      | Noticed Grum
 15449 | D:8      | Killed Grum
 15603 | D:8      | Noticed a two-headed ogre
 15634 | D:8      | Killed a two-headed ogre
 15948 | D:9      | Noticed a two-headed ogre
 15970 | D:9      | Killed a two-headed ogre
 16428 | D:9      | Noticed a brown ugly thing
 16454 | D:9      | Killed a brown ugly thing
 16747 | D:9      | Noticed a four-headed hydra
 16822 | D:9      | Found Cein's Magic Scroll Boutique.
 17297 | D:8      | Reached skill level 10 in Fighting
 17359 | D:9      | Found a snail-covered altar of Cheibriados.
 17922 | D:10     | Entered Level 10 of the Dungeon
 18064 | D:10     | Found a glowing golden altar of the Shining One.
 18081 | D:10     | Reached XP level 12. HP: 87/123 MP: 22/22
 18269 | D:10     | Learned a level 2 spell: Passwall
 18387 | D:10     | Found a staircase to the Lair.
 18799 | D:10     | Found a burning altar of Makhleb.
 19361 | D:11     | Gained mutation: You are frail. (-10% HP) [Ru sacrifice]
 19361 | D:11     | Reached * piety under Ru
 19361 | D:11     | Reached ** piety under Ru
 20046 | D:12     | Noticed a boulder beetle
 20056 | D:12     | Killed a boulder beetle
 20075 | D:11     | Killed from afar by a vampire

Illustrated notes

Levels and vault maps discovered:
D:1:      amcnicky_arrival_underground_garden, layout_basic,
          minmay_close_crescents
D:2:      layout_loops_ring, chequers_ecumenical_altar_grove, basic_altar,
          chequers_big_river
D:3:      layout_basic, okawaru_ov_weapons_minmay, serial_shops, shop,
          uniq_crazy_yiuf_cottage
D:4:      layout_loops_cross, dk_yredelemnul_ordeal, small_statue_intersection,
          minmay_misc_feat_enclosed
D:5:      layout_layer_cave, grunt_temple_overflow_diamond,
          minmay_misc_feat_rugged, minmay_holes
D:6:      layout_basic, mainiacjoe_overflow_boulevard,
          minmay_temple_entry_mini_moons, uniq_duvessa
D:7:      nzn_winding_woodlands_cross [nzn_winding_woodlands_5x15_eye,
          nzn_winding_woodlands_5x15_river_crossing,
          nzn_winding_woodlands_5x15_jagged,
          nzn_winding_woodlands_5x15_longhouse,
          nzn_winding_woodlands_15x15_killbox], layout_loops_corners,
          mainiacjoe_overflow_cross_hatched,
          lightli_ossuary_entry_decrepit_ruins,
          amcnicky_mini_rare_corridor_liquid, hangedman_decor_clover_reticule,
          minmay_puff, uniq_pikel
D:8:      layout_basic, kennysheep_generic_room_2, uniq_grum
D:9:      cheibrodos_ideogram_h, layout_loops_corners,
          mainiacjoe_overflow_catwalk, serial_shops, kennysheep_mini
D:10:     layout_stronghold, lightli_temple_of_fire,
          nicolae_overflow_crystal_walls, lair_entry_dummy
D:11:     layout_roguey, nrook_uturn
D:12:     layout_basic, david_orc_5
Temple:   minmay_temple_bridge_abc

Skill      XL: |  1  2  3  4  5  6  7  8  9 10 11 12 |
---------------+-------------------------------------+-----
Transmutations | 1 2 3 4 5 6 7 8 |  8.4
Dodging        | 2 3 |  3.3
Fighting       | 1 2 3 4 5 7 9 10 | 10.5
Poison Magic   | 3 4 5 6 7 8 |  8.9
Unarmed Combat | 1 2 3 5 6 7 8 |  8.3
Air Magic      | 1 2 3 4 |  4.0
Spellcasting   | 3 4 5 6 7 |  7.4
Conjurations   | 1 2 3 4 |  4.0
Stealth        | |  1.4

Action                   |  1- 3 |  4- 6 |  7- 9 | 10-12 || total
-------------------------+-------+-------+-------+-------++-------
Melee: Unarmed           |    39 |    37 |   300 |   450 ||   826
       Punch             |       |     1 |     6 |    22 ||    29
Throw: Stone             |     1 |       |       |       ||     1
 Cast: Sting             |    59 |    51 |   107 |    59 ||   276
       Poisonous Vapours |     8 |    23 |    33 |   126 ||   190
       Mephitic Cloud    |       |       |     3 |     4 ||     7
       Olgreb's Toxic Ra |       |       |     1 |    28 ||    29
Invok: Reject Sacrifices |       |       |     1 |       ||     1
       Sacrifice Health  |       |       |       |     1 ||     1
Evoke: Wand              |       |       |     3 |    10 ||    13
  Use: Scroll            |       |     1 |    10 |     7 ||    18
 Stab: Sleeping          |       |     2 |     3 |       ||     5
       Paralysed         |       |       |       |     6 ||     6
       Confused          |       |       |       |     1 ||     1
Armor: Robe              |    23 |    12 |    86 |    16 ||   137
       Troll leather arm |       |       |       |   172 ||   172
Dodge: Dodged            |    26 |    32 |   178 |   274 ||   510

Table legend: (Time is in decaauts)
 A = Elapsed time spent in this place.
 B = Non-inter-level travel time spent in this place.
 C = Inter-level travel time spent in this place.
 D = Time resting spent in this place.
 E = Time spent auto-exploring this place.
 F = Levels seen in this place.
 G = Mean time per level.
                   A        B        C        D        E       F      G
               +--------+--------+--------+--------+--------+-----+--------+
         Total |  20059 |  19044 |   1015 |   6551 |   7389 |  14 | 1432.8 |
       Dungeon |  19098 |  18083 |   1015 |   5869 |   7389 |  12 | 1591.5 |
        Temple |    203 |    203 |      0 |    180 |      0 |   1 |  203.0 |
       Ossuary |    757 |    757 |      0 |    502 |      0 |   1 |  757.0 |
               +--------+--------+--------+--------+--------+-----+--------+

Top non-repeatable levels by time:
     D:7: 2671 daAuts
     D:6: 2508 daAuts
     D:5: 2406 daAuts
     D:9: 2004 daAuts
     D:3: 1927 daAuts
     D:1: 1643 daAuts
     D:4: 1541 daAuts
     D:8: 1198 daAuts
     D:2: 1135 daAuts
    D:11: 980 daAuts
    D:10: 859 daAuts
 Ossuary: 757 daAuts
    D:12: 220 daAuts
  Temple: 203 daAuts
